 Dungeon Crawl Stone Soup version 0.29-a0-1027-gcd8c55af63 (webtiles) character file.

Game seed: 18431009082515653420

52478 27heaven the Grappler (level 14, -6/150 HPs)
             Began as a Troll Transmuter on Aug 12, 2022.
             Was a Believer of Trog.
             Killed from afar by a smoke demon (7 damage)
             ... with a ball of steam
             ... on level 5 of the Lair of Beasts.
             The game lasted 00:29:35 (14777 turns).

27heaven the Grappler (Troll Transmuter)           Turns: 14777, Time: 00:29:36

Health: -6/150     AC:  8    Str: 25    XL:     14   Next: 27%
Magic:  14/14      EV: 10    Int:  9    God:    Trog [**....]
Gold:   1383       SH: 14    Dex: 10    Spells: 14/15 levels left

rFire   . . .      SeeInvis .     - Unarmed
rCold   . . .      Faith    .   M - +0 kite shield
rNeg    . . .      Spirit   .   e - +0 steam dragon scales
rPois   .          Reflect  +   (helmet restricted)
rElec   .          Harm     .   (no cloak)
rCorr   +          Rampage  .   (gloves unavailable)
Will    +....                   (boots unavailable)
Stlth   +.........              q - amulet of reflection
HPRegen 1.15/turn               g - ring of flight
MPRegen 0.14/turn               o - ring of resist corrosion

@: spiked, on berserk cooldown, flying, slowed, very slow
A: large, unfitting armour, claws 3, regeneration 1, shaggy fur 1, tough skin 1
a: Renounce Religion, Berserk, Trog's Hand


You were on level 5 of the Lair of Beasts.
You worshipped Trog.
Trog was pleased with you.
You visited 2 branches of the dungeon, and saw 15 of its levels.
You also visited: Ossuary.

You collected 1383 gold pieces.

Inventory:

Hand Weapons
 h - a +1 hand axe of flaming
Missiles
 s - 22 poisoned darts
 D - 3 throwing nets
Armour
 e - +0 steam dragon scales (worn)
 H - a +0 robe of willpower
 M - a +0 kite shield (worn)
Jewellery
 g - a ring of flight (left claw)
 o - a ring of resist corrosion (right claw)
 q - an amulet of reflection (around neck)
 O - a ring of ice
Wands
 v - a wand of polymorph (4)
 G - a wand of digging (2)
 I - a wand of mindburst (10)
 N - a wand of flame (11)
 P - a wand of charming (11)
 Q - a wand of iceblast (6)
 R - a wand of acid (12)
Scrolls
 d - a scroll of fog
 f - a scroll of fear {unknown}
 j - 6 scrolls of vulnerability
 l - 3 scrolls of amnesia
 m - 3 scrolls of magic mapping
 r - 4 scrolls of teleportation
 u - a scroll of immolation
 y - 3 scrolls of brand weapon
 C - 2 scrolls of summoning
 E - 2 scrolls of enchant armour
 K - 3 scrolls of torment
 L - a scroll of identify
Potions
 a - 2 potions of might
 b - 5 potions of lignification
 c - a potion of magic {unknown}
 i - 3 potions of ambrosia {unknown}
 k - 4 potions of haste {unknown}
 n - 3 potions of flight {unknown}
 p - 3 potions of mutation {unknown}
 t - 9 potions of curing
 w - 3 potions of heal wounds
 x - 3 potions of attraction
 z - 6 potions of brilliance {unknown}
 A - a potion of cancellation {unknown}
 B - a potion of resistance {unknown}
 F - a potion of invisibility {unknown}
 J - 2 potions of berserk rage {unknown}


   Skills:
 + Level 12.4 Fighting
 + Level 7.4 Armour
 + Level 7.6 Dodging
 + Level 7.3 Shields
 + Level 14.9 Unarmed Combat
 - Level 1.2 Spellcasting
 - Level 1.3 Transmutations


You had 14 spell levels left.
You knew the following spells:

 Your Spells              Type           Power      Damage    Failure   Level
a - Beastly Appendage     Tmut           6%         N/A       38%         1

Your spell library contained the following spells:

 Spells                   Type           Power      Damage    Failure   Level
 Wereblood                Tmut           3%         N/A       54%         2
 Blink                    Tloc           0%         N/A       75%         2
 Spider Form              Tmut/Pois      1%         N/A       86%         3
 Call Canine Familiar     Summ           0%         N/A       92%         3
 Gell's Gravitas          Tloc           0%         N/A       92%         3
 Lesser Beckoning         Tloc           0%         N/A       92%         3
 Portal Projectile        Hex/Tloc       0%         N/A       92%         3
 Teleport Other           Tloc           0%         N/A       92%         3
 Ice Form                 Ice/Tmut       1%         N/A       99%         4
 Leda's Liquefaction      Hex/Erth       0%         N/A       100%        4
 Manifold Assault         Tloc           0%         N/A       100%        5
 Dispersal                Tloc           0%         N/A       100%        6


Dungeon Overview and Level Annotations

Branches:
Dungeon (10/15)            Temple (0/1) D:6            Lair (5/5) D:8
 Shoals (0/4) Lair:2       Spider (0/4) Lair:3        Slime (0/5) Lair:4
Ossuary (visited)
    Orc: D:9-12

Altars:
Makhleb
Qazlal
Ru
Trog
The Shining One
Jiyva

Shops:
D:1 *


Innate Abilities, Weirdness & Mutations

You are too large for most types of armour.
You have claws for hands.
Your natural rate of healing is unusually fast.
You are covered in fur. (AC +1)
You have tough skin. (AC +1)


Message History

The hell hound bites you.
You closely miss the hell hound. The hell hound closely misses you.
The smoke demon gestures at you. Something smites you!
You mangle the red devil!!
The red devil is severely wounded.
You block the red devil's attack.
You scratch the red devil.
The red devil is severely wounded.
The red devil hits you with a +1 demon trident of flaming!
* * * LOW HITPOINT WARNING * * *
Barbed spikes become lodged in your body.
The red devil burns you.
* * * LOW HITPOINT WARNING * * *
You scratch the red devil but do no damage.
The red devil is severely wounded.
You block the red devil's attack.
You miss the red devil.
The red devil is severely wounded.
The red devil hits you with a +1 demon trident of flaming!
* * * LOW HITPOINT WARNING * * *
Barbed spikes become lodged in your body.
The red devil burns you.
* * * LOW HITPOINT WARNING * * *
The smoke demon gestures at you.
The ball of steam hits the red devil.
The red devil resists.
The ball of steam hits you. You resist.
* * * LOW HITPOINT WARNING * * *
You closely miss the red devil.
The red devil is almost dead.
You block the red devil's attack.
The red devil hits you with a +1 demon trident of flaming!
* * * LOW HITPOINT WARNING * * *
Barbed spikes become lodged in your body.
The red devil burns you.
* * * LOW HITPOINT WARNING * * *
The smoke demon gestures at you.
The ball of steam hits the red devil.
The red devil resists.
The ball of steam hits you! You resist.
You die...

♣♣...♣♣♣....♣♣♣ ♣♣..♣♣
♣♣......†♣♣♣ ♣....♣ ♣♣.♣♣P♣♣♣
######''#######
♣♣♣♣♣+#########.............#
........#...8....8....#
..8.8...'.............#
...#.8..############### ♣
..#.8§.)# .♣ ...8.#§@# .♣
..8.#..§43..._. ♣♣
...8.8.§#§.....
........#.....§ #########
##§§§ ≈§ #


You could see a smoke demon and a red devil.

Vanquished Creatures
  Nessos (Lair:5)
  9 hydras
  A catoblepas (Lair:5)
  A two-headed ogre (D:8)
  10 death yaks
  Nergalle (Lair:2)
  A sixfirhy (Lair:5)
  Amaemon (Lair:3)
  Pikel (D:5)
  A wizard (Lair:5)
  11 elephants
  2 torpor snails (Lair:5)
  3 black mambas
  3 orange demons
  A demonic crawler (Lair:2)
  10 cane toads
  7 komodo dragons
  3 rime drakes
  2 ice devils (Lair:5)
  A red devil (Lair:5)
  2 polar bears
  A merfolk (Lair:2)
  26 blink frogs
  4 dream sheep
  A wraith (D:9)
  4 wyverns
  55 yaks
  4 basilisks
  Eustachio (D:5)
  Grum (Lair:1)
  2 steam dragons (D:9)
  Menkaure (D:5)
  20 water moccasins
  3 hell hounds (Lair:5)
  Duvessa (D:4)
  2 orc warriors
  2 ice beasts
  A black bear (Lair:1)
  2 sky beasts
  20 wolves
  2 ogres
  A centaur (D:9)
  2 lemures
  2 phantoms
  3 kobold brigands (D:9)
  A gnoll sergeant (D:9)
  6 bullfrogs
  8 scorpions
  A necrophage (D:7)
  Dowan (D:4)
  A jelly (D:5)
  10 wights
  9 killer bees
  An electric eel (Lair:2)
  2 gnoll boudas (D:6)
  4 hounds
  4 iguanas
  Ijyb (D:4)
  Terence (D:3)
  Natasha (thrice) (D:4)
  2 orc wizards (D:6)
  8 mummies (Ossuary)
  Robin (D:3)
  13 gnolls
  6 adders
  A shadow imp (D:7)
  A white imp (D:7)
  6 worms
  A dart slug (D:3)
  20 orcs
  5 endoplasms
  6 giant cockroaches
  14 goblins
  8 hobgoblins
  5 jackals (D:3)
  7 kobolds
  7 quokkas
  5 ball pythons
  5 bats
  18 frilled lizards
  2 gnoll zombies (Ossuary)
  2 hobgoblin zombies (Ossuary)
  4 kobold zombies (Ossuary)
  A quokka zombie (D:5)
  11 rats
  A rat zombie (D:5)
  A bush (Lair:2)
447 creatures vanquished.

Vanquished Creatures (others)
  A water moccasin (Lair:5)
  2 bushes (Lair:5)
  A fire vortex (Lair:4)
  35 fungi
  42 plants
81 creatures vanquished.

Grand Total: 528 creatures vanquished

Notes
Turn   | Place    | Note
-------+----------+-------------------------------------------
     0 | D:1      | 27heaven the Troll Transmuter began the quest for the Orb.
     0 | D:1      | Reached XP level 1. HP: 18/18 MP: 1/1
    63 | D:1      | Reached skill level 1 in Fighting
    72 | D:1      | Found Usualar's General Store.
   163 | D:1      | Found a faded altar of an unknown god.
   171 | D:1      | Prayed at the altar of an unknown god.
   171 | D:1      | Became a worshipper of the Shining One
   171 | D:1      | Reached * piety under the Shining One
   257 | D:1      | Reached XP level 2. HP: 26/27 MP: 2/2
   850 | D:2      | Reached XP level 3. HP: 33/35 MP: 3/3
   951 | D:2      | Found a stormy altar of Qazlal.
  1165 | D:2      | Reached skill level 4 in Unarmed Combat
  1588 | D:3      | Reached XP level 4. HP: 39/42 MP: 4/4
  1644 | D:3      | Noticed Robin
  1706 | D:3      | Killed Robin
  1809 | D:3      | Reached XP level 5. HP: 52/52 MP: 5/5
  1918 | D:3      | Identified the +12 whip of Shame {vorpal, +Blink rPois
                  | rCorr Str-5}
  1922 | D:3      | Found a bloodstained altar of Trog.
  1958 | D:3      | Fell from the grace of the Shining One
  1958 | D:3      | Became a worshipper of Trog the Wrathful
  2071 | D:3      | Noticed Terence
  2078 | D:3      | Killed Terence
  2383 | D:4      | Reached skill level 5 in Unarmed Combat
  2714 | D:4      | Noticed Duvessa
  2714 | D:4      | Noticed Dowan
  2732 | D:4      | Killed Duvessa
  2733 | D:4      | Reached XP level 6. HP: 41/62 MP: 6/6
  2743 | D:4      | Killed Dowan
  2887 | D:4      | Noticed Natasha
  2927 | D:4      | Killed Natasha
  3001 | D:4      | Noticed Natasha
  3006 | D:4      | Killed Natasha
  3148 | D:4      | Noticed Natasha
  3157 | D:4      | Killed Natasha
  3157 | D:4      | Reached * piety under Trog
  3191 | D:5      | Entered Level 5 of the Dungeon
  3203 | D:5      | Noticed Menkaure
  3221 | D:5      | Killed Menkaure
  3222 | D:5      | Reached skill level 6 in Unarmed Combat
  3222 | D:5      | Reached XP level 7. HP: 71/71 MP: 7/7
  3367 | D:5      | Noticed Eustachio
  3379 | D:5      | Killed Eustachio
  3385 | D:5      | Found a sand-covered staircase.
  3397 | Ossuary  | Entered an ossuary
  3447 | Ossuary  | Reached skill level 5 in Fighting
  3773 | D:5      | Reached skill level 7 in Unarmed Combat
  3852 | D:5      | Reached XP level 8. HP: 62/81 MP: 8/8
  3919 | D:5      | Noticed Ijyb
  3925 | D:5      | Noticed Pikel
  3965 | D:4      | Killed Ijyb
  4017 | D:5      | Killed Pikel
  4018 | D:5      | Reached skill level 8 in Unarmed Combat
  4241 | D:5      | Found a sacrificial altar of Ru.
  4241 | D:5      | Found a glowing golden altar of the Shining One.
  4665 | D:6      | Reached XP level 9. HP: 38/92 MP: 9/9
  4710 | D:6      | Reached ** piety under Trog
  4791 | D:6      | Reached skill level 9 in Unarmed Combat
  4928 | D:6      | Identified the +9 rapier of the Secret Artists {flame, rF+
                  | Str+4 Int-4 Dex+2}
  5217 | D:6      | Found a staircase to the Ecumenical Temple.
  5726 | D:7      | Reached skill level 10 in Unarmed Combat
  6296 | D:8      | Noticed a two-headed ogre
  6302 | D:8      | Killed a two-headed ogre
  6303 | D:8      | Reached XP level 10. HP: 106/106 MP: 10/10
  6504 | D:8      | Reached skill level 11 in Unarmed Combat
  6694 | D:8      | Noticed an elephant
  6695 | D:8      | Found a staircase to the Lair.
  6714 | D:8      | Killed an elephant
  7301 | D:9      | Reached skill level 12 in Unarmed Combat
  7307 | D:9      | Reached skill level 10 in Fighting
  7482 | D:9      | Reached XP level 11. HP: 90/117 MP: 11/11
  7669 | D:9      | Reached skill level 1 in Armour
  7829 | D:9      | Noticed a three-headed hydra
  7983 | D:9      | Killed a one-headed hydra
  8110 | D:10     | Entered Level 10 of the Dungeon
  8151 | Lair:1   | Entered Level 1 of the Lair of Beasts
  8715 | Lair:1   | Noticed Grum
  8734 | Lair:1   | Killed Grum
  8930 | Lair:2   | Noticed a seven-headed hydra
  8939 | Lair:2   | HP: 3/178 [three-headed hydra (13)]
  8941 | Lair:2   | Killed a one-headed hydra
  8942 | Lair:2   | Reached skill level 1 in Shields
  9138 | Lair:2   | Noticed a five-headed hydra
  9153 | Lair:2   | Killed a one-headed hydra
  9186 | Lair:2   | Noticed a death yak
  9186 | Lair:2   | Noticed a death yak
  9193 | Lair:2   | Noticed a death yak
  9194 | Lair:2   | Noticed a death yak
  9205 | Lair:2   | Killed a death yak
  9206 | Lair:2   | Reached skill level 13 in Unarmed Combat
  9214 | Lair:2   | Killed a death yak
  9216 | Lair:2   | Killed a death yak
  9222 | Lair:2   | Killed a death yak
  9223 | Lair:2   | Reached XP level 12. HP: 128/128 MP: 12/12
  9278 | Lair:2   | Noticed Nergalle
  9290 | Lair:2   | Killed Nergalle
  9313 | Lair:2   | Noticed a five-headed hydra
  9323 | Lair:2   | Killed a one-headed hydra
  9606 | Lair:2   | Found a staircase to the Shoals.
 10026 | Lair:2   | You are sucked into a shaft and drop 1 floor!
 10050 | Lair:3   | Reached skill level 5 in Dodging
 10384 | Lair:3   | Found a hole to the Spider Nest.
 10415 | Lair:3   | Noticed Amaemon
 10431 | Lair:3   | Noticed an eight-headed hydra
 10725 | Lair:3   | Killed Amaemon
 10729 | Lair:3   | Reached skill level 5 in Armour
 10934 | Lair:3   | Killed a 14-headed hydra
 11327 | Lair:4   | Reached skill level 5 in Shields
 11457 | Lair:4   | Reached XP level 13. HP: 137/137 MP: 13/13
 11513 | Lair:4   | Found a viscous altar of Jiyva.
 11514 | Lair:4   | Found a staircase to the Slime Pits.
 11620 | Lair:4   | Reached skill level 14 in Unarmed Combat
 11808 | Lair:4   | Identified the +5 war axe "Vaatyeg" {freeze, rPois Int+4
                  | Stlth-}
 12372 | Lair:5   | Entered Level 5 of the Lair of Beasts
 12413 | Lair:4   | HP: 6/139 [wolf (9)]
 13269 | Lair:5   | Noticed Nessos
 13284 | Lair:5   | Killed Nessos
 14240 | Lair:5   | Reached XP level 14. HP: 149/149 MP: 14/14
 14732 | Lair:5   | Found a burning altar of Makhleb.
 14739 | Lair:5   | Reached *** piety under Trog
 14777 | Lair:5   | HP: 7/150 [red devil/+1 demon trident of flaming (13)]
 14777 | Lair:5   | HP: 1/150 [red devil/+1 demon trident of flaming (6)]
 14777 | Lair:5   | Killed from afar by a smoke demon

Illustrated notes

Levels and vault maps discovered:
D:1:      erik_arrival_triangle_medium, layout_basic,
          hellmonk_ecumenical_altar_slurped_away, serial_corexii_hall,
          corexii_hall_statues_i, chequers_hall_statues_wall_a, serial_shops,
          nicolae_shop_competitors_out_of_business, minmay_rat_gold_closets
D:2:      layout_rooms, basic_altar, roderic_lattice_a
D:3:      layout_basic, lemuel_round_altar, uniq_terence, uniq_robin
D:4:      layout_gridville, uniq_duvessa, uniq_natasha
D:5:      layout_basic, gammafunk_temple_overflow_wave, enter_ossuary_4,
          minmay_lizard_king, uniq_menkaure, uniq_eustachio, uniq_pikel,
          uniq_ijyb
D:6:      layout_loops_cross, minmay_temple_entry_offerings,
          nicolae_grassy_gnolls
D:7:      layout_gridville
D:8:      layout_rooms, david_lair_generic, corexii_corridor_pit
D:9:      layout_irregular_city, hangedman_ranch
D:10:     layout_irregular_city, david_orc_3, nicolae_trove_entry_columns
Lair:1:   layout_gridlike, uniq_grum
Lair:2:   layout_gridlike, elwin_shoals_entry_rooms, grunt_megastairs_3,
          uniq_nergalle
Lair:3:   layout_hall_layers, nicolae_spider_entry_non_spiders, uniq_amaemon
Lair:4:   layout_gridlike, slime_entry_1, beast_lair_carwin_6
Lair:5:   evil_forest, layout_cave_pods, uniq_nessos

Skill      XL: |  1  2  3  4  5  6  7  8  9 10 11 12 13 14 |
---------------+-------------------------------------------+-----
Fighting       | 1 2 3 4 5 6 8 10 11 12 | 12.4
Unarmed Combat | 4 5 6 7 8 10 12 13 14 | 14.9
Dodging        | 4 5 7 |  7.6
Armour         | 4 5 7 |  7.4
Shields        | 2 5 6 7 |  7.3
Spellcasting   | |  1.2
Transmutations | |  1.3

Action                   |  1- 3 |  4- 6 |  7- 9 | 10-12 | 13-15 || total
-------------------------+-------+-------+-------+-------+-------++-------
Melee: Unarmed           |    90 |   158 |   256 |   457 |   474 ||  1435
       Punch             |     1 |     1 |    11 |    15 |       ||    28
       Hand axe          |       |       |       |    26 |    22 ||    48
Invok: Berserk           |       |     1 |    15 |    24 |    14 ||    54
       Trog's Hand       |       |       |     1 |    14 |    16 ||    31
  Use: Scroll            |       |     1 |       |    15 |     1 ||    17
       Potion            |       |       |     2 |     1 |     1 ||     4
 Stab: Petrified         |       |       |       |       |     2 ||     2
Armor: Robe              |    24 |    45 |    43 |     9 |       ||   121
       Skin              |       |       |     4 |     6 |       ||    10
       Steam dragon scal |       |       |       |    99 |   110 ||   209
Dodge: Dodged            |    32 |    85 |    87 |   183 |   166 ||   553
Block: Other             |       |    18 |    48 |    43 |       ||   109
       Reflection        |       |     1 |     1 |       |     5 ||     7
       Kite shield       |       |       |       |   210 |   383 ||   593

Table legend: (Time is in decaauts)
 A = Elapsed time spent in this place.
 B = Non-inter-level travel time spent in this place.
 C = Inter-level travel time spent in this place.
 D = Time resting spent in this place.
 E = Time spent auto-exploring this place.
 F = Levels seen in this place.
 G = Mean time per level.
                   A        B        C        D        E       F      G
               +--------+--------+--------+--------+--------+-----+--------+
         Total |  15098 |  14392 |    706 |   1134 |   9096 |  16 |  943.6 |
       Dungeon |   8079 |   7496 |    583 |     59 |   5438 |  10 |  807.9 |
          Lair |   6660 |   6537 |    123 |   1026 |   3488 |   5 | 1332.0 |
       Ossuary |    358 |    358 |      0 |     49 |    169 |   1 |  358.0 |
               +--------+--------+--------+--------+--------+-----+--------+

Top non-repeatable levels by time:
  Lair:4: 2109 daAuts
  Lair:5: 1510 daAuts
  Lair:2: 1364 daAuts
     D:9: 1363 daAuts
     D:4: 1038 daAuts
     D:5: 964 daAuts
     D:7: 914 daAuts
  Lair:3: 905 daAuts
     D:6: 848 daAuts
     D:1: 788 daAuts
  Lair:1: 770 daAuts
     D:3: 741 daAuts
     D:2: 713 daAuts
     D:8: 706 daAuts
 Ossuary: 358 daAuts
